 Dungeon Crawl Stone Soup version 0.25-a0-786-g5b70d41e48 (webtiles) character file.

Game seed: 8543930656423418318, levelgen mode: deterministic

3845 Morrissey the Spear-Bearer (level 10, 0/79 HPs)
             Began as a Merfolk Ice Elementalist on Apr 18, 2020.
             Was an Initiate of Kikubaaqudgha.
             Slain by an orc warrior
             ... wielding a +0 hand axe
              (17 damage)
             ... on level 9 of the Dungeon.
             The game lasted 00:29:22 (9190 turns).

Morrissey the Spear-Bearer (MfIE)                   Turns: 9190, Time: 00:29:23

Health: 0/79       AC:  7    Str:  9    XL:     10   Next: 18%
Magic:  8/13       EV: 20    Int: 15    God:    Kikubaaqudgha [......]
Gold:   272        SH:  0    Dex: 20    Spells: 6/13 levels left

rFire    . . .     SeeInvis .   a - +0 trident
rCold    . . .     Gourm    .   (no shield)
rNeg     + . .     Faith    .   d - +1 robe
rPois    .         Spirit   .   f - +0 helmet
rElec    .         Reflect  .   (no cloak)
rCorr    .         Harm     .   (no gloves)
MR       .....                  y - +0 pair of boots
Stlth    +++.......             (no amulet)
HPRegen  0.23/turn              g - +3 ring of dexterity
MPRegen  0.13/turn              D - ring of positive energy

@: icy armour, corroded
A: change form in water, swift swim, stealthy swim
a: Renounce Religion


You were on level 9 of the Dungeon.
You worshipped Kikubaaqudgha.
Kikubaaqudgha was noncommittal.
You were not hungry.

You visited 2 branches of the dungeon, and saw 10 of its levels.
You also visited: Sewer.

You collected 428 gold pieces.
You spent 156 gold pieces at shops.

Inventory:

Hand Weapons
 a - a +0 trident (weapon)
 b - the +6 rapier of Forced Transition {flame, rC+}
   (You found it on level 7 of the Dungeon)

   It has been specially enchanted to burn those struck by it, causing extra
   injury to most foes and up to half again as much damage against particularly
   susceptible opponents.
   It protects you from cold.
 p - a +2 mace of venom
 x - a +0 short sword of venom
 F - a +0 dagger
Armour
 d - a +1 robe (worn)
 f - a +0 helmet (worn)
 y - a +0 pair of boots (worn)
Jewellery
 g - a +3 ring of dexterity (left hand)
 m - an uncursed ring of stealth {unknown}
 q - an uncursed ring of fire
 D - a ring of positive energy (right hand)
Wands
 h - a wand of random effects (23)
 v - a wand of paralysis (6)
 B - a wand of disintegration (8)
Scrolls
 e - 6 scrolls of remove curse
 k - 2 scrolls of teleportation
 n - a scroll of enchant armour
 o - 2 scrolls of fog
 t - a scroll of fear
Potions
 i - 3 potions of cancellation
 l - a potion of haste
 r - a potion of resistance
 s - 2 potions of brilliance {unknown}
 w - 2 potions of curing
 z - 4 potions of heal wounds
 A - a potion of stabbing
 C - 3 potions of flight
Comestibles
 c - 14 rations
 j - 6 chunks of flesh


   Skills:
 * Level 7.3 Fighting
 - Level 2.0 Short Blades
 * Level 9.8 Polearms
 * Level 9.4 Dodging
 - Level 3.1 Stealth
 - Level 2.0 Spellcasting
 + Level 4.5 Charms
 - Level 8.0 Ice Magic


You had 6 spell levels left.
You knew the following spells:

 Your Spells              Type           Power        Failure   Level  Hunger
a - Freeze                Ice            ####         1%          1    #......
b - Frozen Ramparts       Ice            ####..       2%          3    ###....
c - Ozocubu's Armour      Chrm/Ice       ###.....     4%          3    ###....

Your spell library contained the following spells:

 Spells                   Type           Power        Failure   Level  Hunger
 Animate Skeleton         Necr           N/A          22%         1    #......
 Apportation              Tloc           #.....       22%         1    #......
 Corona                   Hex            #......      22%         1    #......
 Summon Small Mammal      Summ           #...         22%         1    #......
 Hailstorm                Conj/Ice       ##......     38%         4    #####..
 Summon Ice Beast         Ice/Summ       ##......     38%         4    #####..


Dungeon Overview and Level Annotations

Branches:
Dungeon (9/15)             Temple (1/1) D:7           Sewer (visited)
   Lair: D:8-11         Orc: D:9-12

Altars:
Ashenzari
Cheibriados
Dithmenos
Elyvilon
Fedhas
Gozag
Hepliaklqana
Kikubaaqudgha
Makhleb
Nemelex Xobeh
Okawaru
Ru
Sif Muna
Uskayaw
Vehumet
Wu Jian
Xom
Yredelemnul
Zin

Shops:
D:5 !   D:6 *

Annotations:
D:6 3 runed translucent doors, dracos369's ghost, amateur FeEn


Message History

The centaur misses you.
The brown ugly thing completely misses you.
You barely miss the brown ugly thing.
The brown ugly thing is moderately wounded.
The centaur closely misses you.
The brown ugly thing claws you but does no damage.
You hit the brown ugly thing but do no damage.
The brown ugly thing is moderately wounded.
The centaur misses you.
The orc warrior hits you with a +0 hand axe.
* * * LOW HITPOINT WARNING * * *
You closely miss the brown ugly thing.
The brown ugly thing is moderately wounded.
The centaur closely misses you. The brown ugly thing claws you.
* * * LOW HITPOINT WARNING * * *
The acid corrodes you!
You are splashed with acid!
* * * LOW HITPOINT WARNING * * *
The orc warrior hits you with a +0 hand axe!
You die...
Kikubaaqudgha rasps: "You have failed me!
Welcome... death!"

#.5 .. ### #F ..#..# . ..
... u... .. ..###..
...###... .......
#.......#
......#######o.:⌠:..#
......#.!#.@#.......#
##.....#ocu..###... #...
#.....###.....# ##..#
#F.#.......#..#
....#######.......####
....#..#÷.#..###..#..# ..
.......#......#..))..# ...
......###..#..#..#(÷###..#
...........#######.......#


You could see a brown ugly thing, an orc warrior and a centaur.

Vanquished Creatures
  Prince Ribbit (D:6)
  A wyvern (D:9)
  A hungry ghost (D:7)
  Duvessa (D:4)
  A water moccasin (D:8)
  3 ice beasts
  2 black bears
  A phantom (D:4)
  4 sky beasts
  3 ogres
  5 centaurs
  3 big kobolds
  A gnoll sergeant (D:8)
  A bullfrog (D:7)
  Dowan (D:4)
  A water moccasin zombie (D:6)
  3 howler monkeys
  A bullfrog zombie (D:9)
  2 crimson imps
  A quasit (D:6)
  5 hounds
  A gnoll shaman (D:4)
  3 orc priests
  2 jellies
  3 orc wizards
  2 bullfrog skeletons
  2 iguanas
  A worker ant (D:8)
  A hound skeleton (D:8)
  A howler monkey zombie (D:5)
  A worker ant zombie (D:7)
  8 adders
  12 gnolls
  2 river rats
  A shadow imp (D:6)
  3 oozes
  An adder zombie (D:9)
  2 adder skeletons
  2 dart slugs
  9 leopard geckos
  11 orcs
  2 giant cockroaches (D:5)
  2 goblins
  6 hobgoblins
  5 jackals
  13 kobolds
  2 quokkas
  10 bats
  2 frilled lizards
  A leopard gecko skeleton (D:5)
  2 quokka skeletons
  10 rats
165 creatures vanquished.

Notes
Turn   | Place    | Note
-------+----------+-------------------------------------------
     0 | D:1      | Morrissey the Merfolk Ice Elementalist began the quest for
                  | the Orb.
     0 | D:1      | Reached XP level 1. HP: 13/13 MP: 3/3
   420 | D:1      | Reached XP level 2. HP: 19/19 MP: 3/5
  1167 | D:2      | Reached skill level 1 in Fighting
  1167 | D:2      | Reached XP level 3. HP: 26/26 MP: 3/6
  1210 | D:2      | Learned a level 3 spell: Frozen Ramparts
  1802 | D:3      | Reached skill level 5 in Ice Magic
  1802 | D:3      | Reached XP level 4. HP: 33/33 MP: 2/7
  1849 | D:3      | Reached XP level 5. HP: 19/39 MP: 1/8
  2124 | D:3      | Found an opulent altar of Gozag.
  2477 | D:3      | Learned a level 3 spell: Ozocubu's Armour
  2632 | D:4      | Noticed Dowan
  2875 | D:4      | Noticed Duvessa
  2921 | D:4      | Killed Duvessa
  2921 | D:4      | Reached skill level 5 in Dodging
  2921 | D:4      | Reached skill level 1 in Charms
  2921 | D:4      | Reached XP level 6. HP: 43/47 MP: 2/9
  2931 | D:4      | Killed Dowan
  3396 | D:4      | Noticed a phantom
  3483 | D:4      | Killed a phantom
  3762 | D:4      | Reached XP level 7. HP: 52/52 MP: 6/10
  3787 | D:4      | Reached skill level 5 in Polearms
  4119 | D:5      | Entered Level 5 of the Dungeon
  4292 | D:5      | Found a glowing drain.
  4309 | Sewer    | Entered a sewer
  4536 | Sewer    | Found a glowing silver altar of Zin.
  4649 | D:5      | Found a basalt altar of Yredelemnul.
  4906 | D:6      | Reached XP level 8. HP: 60/60 MP: 7/11
  5082 | D:5      | Found a burning altar of Makhleb.
  5087 | D:5      | Found a glowing silver altar of Zin.
  5087 | D:5      | Noticed a green death
  5087 | D:5      | Noticed an angel
  5312 | D:5      | Found Qistrog's Distillery.
  5318 | D:5      | Bought a potion of flight for 39 gold pieces
  5318 | D:5      | Bought a potion of degeneration for 13 gold pieces
  5318 | D:5      | Bought a potion of lignification for 39 gold pieces
  5318 | D:5      | Bought a potion of heal wounds for 65 gold pieces
  5698 | D:6      | Reached skill level 5 in Fighting
  5821 | D:6      | Found a shimmering altar of Xom.
  5821 | D:6      | Found a shattered altar of Ashenzari.
  5829 | D:6      | Found a shimmering blue altar of Sif Muna.
  5831 | D:6      | Found a hazy altar of Hepliaklqana.
  5833 | D:6      | Found a faded altar of an unknown god.
  5896 | D:6      | Found a runed translucent gate.
  5896 | D:6      | Found a runed translucent gate.
  5937 | D:6      | Found a hide-covered altar of Uskayaw.
  6069 | D:6      | Found a runed translucent gate.
  6069 | D:6      | Noticed dracos369's ghost (amateur FeEn)
  6177 | D:6      | Noticed Prince Ribbit
  6239 | D:6      | Found Detaucia's Assorted Antiques.
  6502 | D:7      | Reached XP level 9. HP: 37/68 MP: 8/12
  6569 | D:6      | Killed Prince Ribbit
  6878 | D:7      | Found a sparkling altar of Nemelex Xobeh.
  6994 | D:7      | Reached skill level 1 in Short Blades
  7088 | D:7      | Got a dazzling rapier
  7089 | D:7      | Identified the +6 rapier of Forced Transition {flame, rC+}
                  | (You found it on level 7 of the Dungeon)
  7113 | D:7      | Found a staircase to the Ecumenical Temple.
  7190 | Temple   | Entered the Ecumenical Temple
  7503 | Temple   | Became a worshipper of Kikubaaqudgha
  7669 | D:7      | Found an iron altar of Okawaru.
  8647 | D:9      | Reached XP level 10. HP: 31/77 MP: 4/13
  9162 | D:9      | Noticed a brown ugly thing
  9190 | D:9      | Slain by an orc warrior

Levels and vault maps discovered:
D:1:      minmay_arrival_glassed_features, layout_loops_corners
D:2:      layout_loops_ring
D:3:      layout_basic, grunt_gozag_statues, first_ration
D:4:      layout_basic, nicolae_zen_rock_garden, serial_bayou_lagoon_a,
          uniq_duvessa
D:5:      layout_basic, grunt_temple_overflow_order_and_chaos_2,
          yredelemnul_altar_generic, gup_sewer_entry_bubbles, serial_shops,
          shop, wad_rectangle_vault
D:6:      layout_loops_corners, kennysheep_mini_moat,
          chequers_temple_overflow_minitemple, serial_shops,
          nicolae_shop_crystal, ebering_ghost_rock_garden, uniq_prince_ribbit1
D:7:      layout_basic, okawaru_ov_weapons_minmay, temple_hall, basic_altar
D:8:      layout_cave_pools
D:9:      hangedman_cross_cluster, layout_rooms, grunt_qazlal_sundering,
          old_standard_altar, marbit_many_paths, grunt_livestock, minivault_24,
          disabler_island
Temple:   grunt_temple_mini_profane

Skill      XL: |  1  2  3  4  5  6  7  8  9 10 |
---------------+-------------------------------+-----
Dodging        | 3 4 5 6 7 9 |  9.4
Fighting       | 1 2 3 4 5 6 7 |  7.3
Ice Magic      | 5 6 7 8 |  8.0
Charms         | 1 3 4 |  4.5
Polearms       | 3 6 7 9 |  9.8
Short Blades   | 2 |  2.0
Stealth        | 3 |  3.1
Spellcasting   | |  2.0

Action                   |  1- 3 |  4- 6 |  7- 9 | 10-12 || total
-------------------------+-------+-------+-------+-------++-------
Melee: Unarmed           |     6 |       |       |       ||     6
       Dagger            |     5 |       |       |       ||     5
       Mace              |     6 |    30 |       |       ||    36
       Trident           |       |    42 |   402 |    29 ||   473
       Tailslap          |       |       |     4 |       ||     4
       Short sword       |       |       |     4 |       ||     4
 Cast: Freeze            |    50 |    13 |    38 |    24 ||   125
       Frozen Ramparts   |     1 |     5 |    23 |     3 ||    32
       Ozocubu's Armour  |       |     3 |    13 |     1 ||    17
  Use: Potion            |       |     3 |     2 |       ||     5
       Scroll            |       |     1 |    10 |       ||    11
 Stab: Sleeping          |       |     1 |    11 |       ||    12
  Eat: Chunk             |     4 |     6 |    19 |     2 ||    31
       Ration            |       |       |     2 |       ||     2
Armor: Robe              |    15 |    12 |    89 |     7 ||   123
Dodge: Dodged            |    39 |    39 |   314 |    37 ||   429

Table legend:
 A = Non-vault XP
 B = Vault XP
 C = Vault XP percentage of total XP
 D = Non-vault monster count
 E = Vault monster count
 F = Vault count percentage of total count
                 A         B        C        D         E       F
            +---------+---------+-------+---------+---------+-------
      Total |    4344 |    1149 |  20.9 |     138 |      27 |  16.4
            +---------+---------+-------+---------+---------+-------
        D:1 |      29 |       0 |   0.0 |      17 |       0 |   0.0
        D:2 |      26 |       0 |   0.0 |      14 |       0 |   0.0
        D:3 |     157 |       0 |   0.0 |      12 |       0 |   0.0
        D:4 |     315 |     239 |  43.1 |      15 |       2 |  11.8
        D:5 |     621 |     123 |  16.5 |      18 |       9 |  33.3
        D:6 |     663 |     259 |  28.1 |      14 |       1 |   6.7
        D:7 |    1027 |       0 |   0.0 |      23 |       0 |   0.0
        D:8 |     819 |       0 |   0.0 |      15 |       0 |   0.0
        D:9 |     687 |     406 |  37.1 |      10 |       5 |  33.3
      Sewer |       0 |     122 | 100.0 |       0 |      10 | 100.0
            +---------+---------+-------+---------+---------+-------
